Map: Oxide LE

Players

ViBE - Winner!

  • Race: Zerg Zerg
  • League: Master

Vex

  • Race: Terran Terran
  • League: Master

VOD

Have the link to the VOD?

Description

Time

  • Played on: May 5, 2021, 11:16 p.m.
  • Length: 15:58
Show
View Real Time Build Order
Export as new Build Order

ViBE Zerg - Winner!

Build Orders: Hatch First 

Get SALT Encoding   

  12  0:00  Drone  
  13  0:13  Overlord  
  13  0:17  Drone  
  14  0:31  Drone  
  14  0:32  Drone  
  16  0:48  Hatchery  
  15  0:51  Drone  
  15  0:54  Drone  
  17  1:05  Drone  
  17  1:08  Extractor  
  17  1:15  Spawning Pool  
  16  1:21  Drone  
  16  1:22  Drone  
  18  1:30  Drone  
  19  1:48  Drone  
  20  1:54  Overlord  
  20  2:01  Queen  
  20  2:02  Queen, Zergling x4  
  26  2:12  Drone x2  
  28  2:19  Metabolic Boost  
  28  2:22  Drone  
  29  2:23  Drone  
  29  2:40  Hatchery  
  28  2:44  Drone  
  28  2:45  Drone x2  
  28  2:49  Drone  
  31  2:52  Queen  
  31  2:57  Overlord  
  33  3:04  Overlord  
  33  3:11  Drone  
  33  3:12  Drone  
  35  3:16  Drone  
  35  3:17  Drone x3  
  39  3:28  Drone x2  
  41  3:35  Queen  
  41  3:38  Drone  
  44  3:48  Zergling x14  
  51  3:54  Queen  
  53  3:57  Overlord  
  53  3:59  Drone x2  
  53  4:01  Lair  
  55  4:04  Overlord  
  55  4:06  Drone x2  
  57  4:15  Drone x2  
  57  4:16  Drone  
  60  4:23  Overlord x2  
  60  4:30  Drone x6  
  65  4:40  Queen x2, Overlord x2  
  69  4:47  Baneling Nest  
  69  4:48  Drone x5  
  69  4:49  Drone  
  74  4:58  Drone  
  74  4:59  Drone x2  
  77  5:01  Overseer  
  77  5:05  Drone  
  78  5:08  Extractor  
  78  5:10  Extractor  
  78  5:11  Extractor  
  78  5:12  Extractor, Drone x5  
  78  5:13  Extractor  
  78  5:15  Hatchery  
  78  5:17  Evolution Chamber  
  78  5:18  Evolution Chamber  
  75  5:45  Drone  
  75  5:46  Drone x2  
  75  5:47  Drone  
  75  5:49  Drone  
  80  5:50  Drone x2  
  80  5:51  Drone x3  
  80  5:52  Drone x2  
  80  5:53  Zerg Ground Armor Level 1  
  80  5:54  Zerg Melee Weapons Level 1  
  87  5:57  Overlord  
  87  5:58  Overlord x4  
  87  6:03  Drone  
  88  6:16  Hatchery  
  88  6:25  Drone  
  88  6:26  Centrifical Hooks, Zergling x14, Hydralisk Den  
  88  6:28  Baneling x7  
  88  6:31  Zergling x10  
  99  6:59  Drone x10  
  109  7:03  Drone x4  
  109  7:06  Grooved Spines  
  113  7:12  Drone x4  
  113  7:15  Hatchery  
  113  7:32  Baneling x4  
  113  7:33  Baneling x6  
  113  7:34  Zergling x10  
  113  7:35  Zergling x14  
  113  7:36  Overlord x5  
  123  8:06  Hydralisk x8  
  123  8:07  Hydralisk x11  
  161  8:13  Queen  
  161  8:15  Zerg Ground Armor Level 2, Infestation Pit  
  161  8:17  Muscular Augments  
  162  8:26  Overlord x3  
  162  8:30  Drone x4  
  162  8:31  Drone x5  
  162  8:34  Extractor  
  170  8:35  Extractor  
  170  8:37  Zergling x4  
  171  8:42  Baneling  
  171  8:43  Baneling x10  
  171  8:45  Zergling x2  
  171  8:46  Zergling x28  
  182  9:01  Zergling x2  
  182  9:02  Zergling x14  
  174  9:09  Zergling x8  
  144  9:20  Zerg Melee Weapons Level 2  
  144  9:21  Hive  
  140  9:28  Hydralisk x4  
  140  9:29  Hydralisk x6  
  160  9:42  Zergling x10  
  160  9:43  Zergling x4  
  167  9:53  Overlord x5  
  167  9:56  Hatchery  
  166  10:01  Baneling x7  
  166  10:04  Zergling x18  
  173  10:17  Baneling x14  
  173  10:37  Zergling x22, Spore Crawler  
  173  10:38  Zergling x24, Spore Crawler  
  173  10:39  Spore Crawler  
  173  10:42  Ultralisk Cavern  
  192  10:45  Zerg Ground Armor Level 3  
  192  10:46  Adrenal Glands  
  192  10:52  Lurker Den  
  189  10:59  Queen  
  184  11:27  Zergling x12  
  184  11:28  Zergling x18  
  191  11:33  Baneling  
  191  11:34  Baneling x17  
  191  11:35  Baneling x2  
  191  11:38  Zergling x40  
  191  11:39  Zergling x6  
  193  11:50  Zergling x10  
  198  12:03  Baneling x13  
  198  12:09  Spore Crawler  
  198  12:10  Drone  
  198  12:11  Spore Crawler  
  198  12:12  Zerg Melee Weapons Level 3, Chitinous Plating  
  198  12:13  Seismic Spines  
  171  13:01  Zergling x4, Ultralisk  
  171  13:02  Zergling x10, Ultralisk x4  
  199  13:11  Adaptive Talons  
  199  13:16  Baneling x3  
  199  13:17  Baneling x18  
  199  13:31  Anabolic Synthesis  
  189  14:10  Zergling x10  
  189  14:11  Zergling x12  
  189  14:20  Zergling x30  
  200  14:27  Zergling x2  
  199  14:35  Overlord  
  199  14:49  Extractor  
  199  14:50  Extractor  
  197  15:03  Hatchery  
  194  15:12  Zergling x8  
  194  15:13  Zergling x54  
  165  15:28  Hydralisk  
  165  15:29  Hydralisk x9  
Show
View Real Time Build Order
Export as new Build Order

Vex Terran 

Build Orders: Reaper Expand 

Get SALT Encoding   

  12  0:01  SCV  
  13  0:13  SCV  
  14  0:17  Supply Depot  
  14  0:25  SCV  
  15  0:39  SCV  
  15  0:40  Barracks  
  16  0:45  Refinery  
  16  0:51  SCV  
  17  1:03  SCV  
  18  1:15  SCV  
  19  1:28  Reaper, Orbital Command  
  20  1:43  Command Center  
  20  1:51  Supply Depot  
  20  1:54  SCV  
  20  1:59  Marine  
  22  2:06  SCV  
  23  2:12  Factory  
  23  2:18  SCV  
  23  2:21  Barracks Reactor  
  24  2:30  SCV  
  25  2:43  SCV  
  26  2:53  Command Center  
  26  2:55  SCV  
  27  2:59  Orbital Command  
  27  3:07  SCV  
  27  3:08  Hellion  
  30  3:13  Barracks Tech Lab  
  30  3:14  Hellion  
  30  3:19  SCV  
  33  3:25  SCV, Supply Depot  
  34  3:31  Starport  
  34  3:33  Refinery  
  34  3:35  Hellion  
  34  3:37  Marine  
  34  3:40  SCV x2  
  39  3:45  Hellion  
  41  3:50  Stimpack  
  41  3:52  SCV  
  41  3:54  SCV  
  43  3:58  Marine  
  43  4:00  Supply Depot  
  43  4:02  Hellion  
  46  4:05  SCV  
  46  4:09  Orbital Command  
  47  4:15  Viking  
  49  4:17  SCV  
  49  4:19  SCV  
  49  4:23  Refinery  
  51  4:29  SCV, Marine  
  53  4:32  SCV  
  53  4:33  Hellion  
  53  4:36  SCV, Hellion  
  59  4:41  SCV  
  59  4:43  Supply Depot  
  59  4:45  SCV, Supply Depot  
  61  4:52  SCV  
  62  4:53  Barracks  
  62  4:59  Starport Reactor  
  62  5:00  SCV x2  
  62  5:01  Barracks  
  62  5:04  SCV  
  65  5:08  Factory Tech Lab, Supply Depot  
  65  5:12  SCV  
  66  5:14  Engineering Bay  
  66  5:16  Engineering Bay  
  66  5:17  Marine  
  67  5:22  Orbital Command  
  67  5:25  Barracks x2  
  67  5:26  SCV x2  
  69  5:28  Siege Tank  
  69  5:35  Marine  
  73  5:38  SCV x2  
  73  5:42  Refinery, Barracks Reactor  
  75  5:43  Terran Infantry Weapons Level 1  
  75  5:44  Terran Infantry Armor Level 1, Supply Depot  
  75  5:49  SCV  
  76  5:50  SCV  
  76  5:51  Marine x2  
  76  5:55  SCV  
  76  5:56  Marine  
  81  6:01  SCV  
  81  6:02  Barracks  
  81  6:04  Barracks  
  82  6:07  SCV x2  
  82  6:09  Marine x2  
  86  6:11  Combat Shield  
  86  6:14  Medivac  
  86  6:16  Medivac  
  92  6:20  SCV x2  
  92  6:24  Marine x3, Supply Depot  
  97  6:28  Barracks Reactor x2  
  97  6:30  SCV  
  97  6:32  SCV  
  97  6:34  Armory  
  97  6:37  SCV, Marine x2  
  100  6:42  SCV, Marine x2, Siege Tank  
  100  6:46  Marine  
  107  6:49  SCV x2  
  109  6:55  Marine, Medivac x2  
  109  6:57  Barracks Reactor  
  109  6:58  Barracks Tech Lab, SCV  
  109  7:01  SCV  
  116  7:02  Refinery  
  116  7:03  Refinery  
  116  7:04  Supply Depot  
  116  7:10  SCV  
  116  7:11  SCV  
  118  7:18  Marine x6  
  118  7:19  Marine  
  125  7:24  Supply Depot  
  125  7:25  SCV, Medivac, Siege Tank  
  125  7:27  Supply Depot  
  131  7:37  Marine x2  
  131  7:39  Terran Infantry Weapons Level 2  
  131  7:42  Marine  
  131  7:43  Marine x4, Supply Depot  
  136  7:57  Marine x5, Siege Tank  
  136  7:58  Marine x2  
  146  8:02  Marine x4  
  146  8:03  Medivac x2  
  154  8:08  Command Center  
  154  8:12  Marine  
  155  8:15  Marine x2  
  157  8:20  Marine x2  
  157  8:24  Marine x2  
  157  8:27  SCV x2  
  163  8:28  Terran Infantry Armor Level 2  
  163  8:34  Supply Depot  
  163  8:52  Marine x2  
  165  8:55  Marine x6  
  165  8:57  Siege Tank  
  165  8:59  Marine x4  
  161  9:09  Marine x2  
  136  9:13  Marine x6  
  116  9:17  Marine x4  
  110  9:27  Marine x2  
  110  9:29  Medivac x2  
  116  9:31  Marine x5  
  116  9:33  Marine  
  116  9:36  Marine x4  
  126  9:42  Terran Vehicle Weapons Level 1  
  126  9:43  Factory  
  126  9:45  Barracks, Marine x2  
  127  9:47  Refinery  
  127  9:48  Refinery  
  127  9:49  Marine x4  
  132  9:53  Marine x2  
  132  9:54  Marine x3  
  132  9:56  Supply Depot  
  132  9:57  Terran Infantry Weapons Level 3  
  137  10:00  Marine  
  137  10:01  Siege Tank  
  137  10:03  Marine x2  
  137  10:07  Marine  
  143  10:09  Planetary Fortress  
  143  10:10  SCV x3  
  138  10:16  Marine x5  
  143  10:22  SCV  
  143  10:23  SCV x2  
  146  10:30  Factory Tech Lab  
  146  10:31  Medivac x2  
  150  10:36  Marauder x2  
  150  10:37  Barracks Tech Lab  
  150  10:39  SCV x3  
  157  10:45  Marine  
  157  10:46  Marine  
  159  10:51  Siege Tank  
  159  10:53  Marine, Siege Tank  
  166  10:57  Marauder  
  166  10:58  Marauder  
  160  11:08  Marine x4  
  164  11:13  Marine x5  
  164  11:19  Marauder  
  164  11:20  Marauder x2  
  164  11:23  Siege Tank  
  164  11:33  Marine x2  
  164  11:34  Marine x4  
  164  11:37  Marine x2  
  164  11:39  Marine x2  
  133  11:40  Marine, Siege Tank  
  133  11:41  Marine x2  
  132  11:47  Medivac x2  
  132  11:51  Marine x2  
  132  11:52  Marine x2  
  132  11:54  Terran Infantry Armor Level 3  
  140  11:56  Fusion Core, Siege Tank  
  143  12:02  Marine x5, Command Center  
  143  12:03  Supply Depot  
  143  12:04  Marine x2  
  143  12:05  Supply Depot  
  143  12:07  Marine x2  
  152  12:09  Marine  
  152  12:12  Concussive Shells  
  153  12:19  Marine  
  153  12:20  Marine x4, Medivac  
  153  12:21  Medivac  
  162  12:23  Siege Tank  
  162  12:27  Terran Vehicle Weapons Level 2  
  162  12:28  Marine  
  166  12:31  Marine x2  
  166  12:36  Neosteel Armor  
  148  12:53  Marine x4  
  148  12:54  Siege Tank  
  139  13:08  Siege Tank  
  142  13:23  Command Center  
  142  13:30  Medivac x2  
  146  13:45  Marine x5  
  150  13:57  Marauder x3  
  156  14:03  Marine x2  
  156  14:04  Marine x3  
  159  14:16  Hi-Sec Auto Tracking  
  137  14:18  Marauder x2  
  137  14:20  Marine  
  137  14:21  Marine  
  137  14:22  Marine x2  
  118  14:25  Marauder  
  118  14:27  Marine x2  
  119  14:33  Liberator x2  
  119  14:36  Marine x2  
  127  14:39  Marauder  
  127  14:40  Marauder  
  127  14:42  Siege Tank  
  127  14:44  Orbital Command  
  134  14:46  Marauder  
  134  14:51  Supply Depot  
  136  15:01  Marauder x2  
  136  15:03  Marine x2  
  136  15:04  Marine  
  141  15:07  Marauder  
  141  15:11  Marine x2  
  110  15:14  Marine x4  
  105  15:22  Marauder  
Tags
 
Add a new tag
Caveats
  • Supply blocks, unpowered buildings, or Contaminate may cause inaccurate times.
  • Supply counts are checked every 10 seconds.